AoeStats
← 七级床震

Arena

509068753Analyzed
2v2 RM · 9d ago on Sep 25, 2026· 56m 36s· 4 players
Game mode
Random Map
Map size
Medium (4 player)
Population
200
Speed
Normal
Resources
Standard
Victory
Conquest
Starting age
Dark Age
Ending age
Imperial Age
RankedLock teamsTeams togetherTeam positionsShared explorationLock speedFull tech treeHidden civsTurbo modeCheats
Victory
Defeat
🇨🇳 Khmer · China
1035
+12
🇨🇳 Varangians · China
979
+14
🇸🇪 Vietnamese · Sweden
976
-14
🇹🇼 Franks · Taiwan
914
-12
verna7019
0:53 Loom
4:39 Loom
11:41 Feudal Age
16:32 Castle Age
15:18 Double-Bit Axe
16:15 Gold Mining
20:57 Fervor
29:15 Imperial Age
29:13 Wheelbarrow
29:15 Scale Barding Armor
29:19 Cavalier
30:51 Forging
32:12 Scale Mail Armor
36:47 Husbandry
43:48 Chivalry
51:54 Onager
aoesweden
5:21 Loom
10:10 Feudal Age
10:44 Double-Bit Axe
10:44 Horse Collar
19:00 Castle Age
17:47 Gold Mining
17:48 Stone Mining
18:30 Fletching
18:40 Padded Archer Armor
20:07 Bow Saw
21:12 Heavy Plow
22:45 Elite Skirmisher
26:17 Husbandry
27:35 Scale Barding Armor
28:07 Ballistics
28:48 Crossbowman
31:28 Pikeman
36:39 Imperial Age
34:31 Bodkin Arrow
34:36 Murder Holes
34:52 Arson
35:52 Chatras
36:28 Leather Archer Armor
36:52 Wheelbarrow
36:53 Thumb Ring
36:40 Treadmill Crane
37:27 Chain Barding Armor
38:30 Two-Man Saw
37:43 Imperial Skirmisher
39:12 Paper Money
42:04 Forging
41:55 Scale Mail Armor
42:30 Plate Barding Armor
41:19 Halberdier
42:05 Elite Fire Lancer
44:31 Bloodlines
43:42 Light Cavalry
44:26 Onager
45:13 Cavalier
48:31 Onager
50:34 Siege Engineers
探索黑洞
10:43 Feudal Age
11:33 Loom
14:56 Castle Age
13:33 Double-Bit Axe
16:24 Bow Saw
20:11 Town Watch
33:12 Imperial Age
32:21 Pikeman
33:01 Squires
32:46 Gambesons
33:23 Horse Collar
35:46 Padded Archer Armor
35:37 Fletching
35:52 Scale Barding Armor
35:48 Scale Mail Armor
35:58 Forging
47:34 Wheelbarrow
48:21 Chain Barding Armor
48:38 Iron Casting
48:04 Bodkin Arrow
48:55 Husbandry
49:04 Light Cavalry
55:01 Hand Cart
56:39 Bloodlines
七级床震
10:07 Feudal Age
15:14 Castle Age
13:28 Double-Bit Axe
17:39 Bow Saw
20:30 Horse Collar
23:40 Loom
24:53 Gold Mining
24:54 Stone Mining
30:01 Imperial Age
27:19 Town Watch
28:19 Wheelbarrow
29:06 Forging
29:01 Scale Barding Armor
29:22 Ballistics
29:44 Gold Shaft Mining
30:44 Heavy Plow
31:52 Chemistry
31:03 Masonry
31:06 Bloodlines
31:43 Husbandry
31:49 Tusk Swords
32:14 Conscription
31:25 Light Cavalry
33:07 Iron Casting
33:20 Double Crossbow
33:54 Chain Barding Armor
34:24 Crop Rotation
33:42 Hussar
35:38 Elite Ballista Elephant
44:21 Blast Furnace
43:56 Plate Barding Armor
44:12 Plate Barding Armor
Connection lost

Rejoining the realm…

Still unreachable

The connection could not be restored.

Session expired

The server has moved on; the page needs a fresh start.